 Dungeon Crawl Stone Soup version 0.24.0-1-gfbc8707 (webtiles) character file.

Game seed: 1463908165014077907, levelgen mode: deterministic

211 Fang the Skirmisher (level 5, -6/51 HPs)
             Began as a Gargoyle Berserker on Oct 28, 2019.
             Was a Priest of Trog.
             Mangled by an ogre
             ... wielding a +0 giant club
              (26 damage)
             ... on level 3 of the Dungeon.
             The game lasted 00:02:38 (1903 turns).

Fang the Skirmisher (Gargoyle Berserker)            Turns: 1903, Time: 00:02:38

Health: -6/51      AC: 13    Str: 27    XL:     5   Next: 88%
Magic:  5/5        EV:  9    Int:  7    God:    Trog [***...]
Gold:   131        SH:  0    Dex:  9    Spells: 4/4 levels left

rFire    . . .     SeeInvis .   a - +0 war axe
rCold    . . .     Gourm    .   (no shield)
rNeg     + . .     Faith    .   b - +0 chain mail
rPois    ∞         Spirit   .   (no helmet)
rElec    +         Reflect  .   (no cloak)
rCorr    .         Harm     .   (no gloves)
MR       .....                  (no boots)
Stlth    ..........             (no amulet)
HPRegen  0.17/turn              (no ring)
MPRegen  0.09/turn              (no ring)

@: berserking, very quick
A: negative energy resistance 1, electricity resistance, unbreathing,
petrification resistance, rot immunity, AC +4
a: Berserk, Trog's Hand, Renounce Religion


You were on level 3 of the Dungeon.
You worshipped Trog.
Trog was most pleased with you.
You were hungry.

You visited 1 branch of the dungeon, and saw 3 of its levels.

You collected 131 gold pieces.

Inventory:

Hand Weapons
 a - a +0 war axe (weapon)
Armour
 b - a +0 chain mail (worn)
Scrolls
 d - 2 scrolls of teleportation {unknown}
 e - 4 scrolls of magic mapping {unknown}
 f - 5 scrolls of identify {unknown}
 i - a scroll of immolation {unknown}
 j - 2 scrolls of remove curse {unknown}
Potions
 h - a potion of heal wounds {unknown}
 k - 2 potions of curing {unknown}
Comestibles
 c - 6 rations
 g - 8 chunks of flesh


   Skills:
 + Level 4.4 Fighting
 + Level 3.7 Axes
 + Level 3.7 Armour
 + Level 2.7 Dodging


You had 4 spell levels left.
You didn't know any spells.
Your spell library was empty.

Dungeon Overview and Level Annotations

Branches:
Dungeon (3/15)

Altars:


Innate Abilities, Weirdness & Mutations

You are resistant to torment.
Your stone body is resilient. (AC +4)
You are immune to poison.
You resist negative energy. (rN+)
You are resistant to electric shocks. (rElec)
You can survive without breathing.
You are immune to petrification.
You are immune to rotting.


Message History

Your chain mail prevents you from hitting the ogre.
The ogre hits you with a +0 giant club!
A red film seems to cover your vision as you go berserk!
You feel yourself moving faster!
You feel mighty!
You are feeling hungry.
The ogre hits you but does no damage.
You closely miss the ogre.
The ogre hits you with a +0 giant club!!
You are too injured to fight recklessly!
You are too injured to fight recklessly!
You are too injured to fight recklessly!
You barely miss the ogre. You slash the ogre!
The ogre is severely wounded.
The ogre closely misses you.
You slash the ogre!
The ogre is almost dead.
The ogre hits you with a +0 giant club!!
Ouch! That really hurt!
You die...

.....###..)...<#
##...#.####.##
###.......# #...
#..♣♣♣♣♣♣.#
##### #.♣ ♣.#
#.♣♣ ♣.# #..♣
♣♣.#
###..♣♣♣♣♣..#
#.@.........#
#O#......####
#.######## #. #.
#. #. #.


You could see an ogre.

Vanquished Creatures
  An orc wizard (D:2)
  4 gnolls (D:2)
  5 adders (D:2)
  3 oozes
  4 worms (D:2)
  A dart slug (D:2)
  2 leopard geckos
  7 orcs (D:2)
  A bat (D:1)
  2 giant cockroaches
  9 hobgoblins
  A quokka (D:2)
  2 ball pythons
  2 frilled lizards (D:1)
  8 goblins
  8 kobolds
  5 rats
65 creatures vanquished.

Notes
Turn   | Place    | Note
-------+----------+-------------------------------------------
     0 | D:1      | Fang the Gargoyle Berserker began the quest for the Orb.
     0 | D:1      | Reached XP level 1. HP: 14/14 MP: 1/1
     1 | D:1      | Noticed an octopode
     3 | D:1      | Noticed a draconian
     8 | D:1      | Noticed a troll
    14 | D:1      | Noticed a dwarf
    17 | D:1      | Noticed an ogre
   352 | D:1      | Reached XP level 2. HP: 7/19 MP: 2/2
   661 | D:1      | Reached XP level 3. HP: 19/23 MP: 3/3
   888 | D:1      | Reached ** piety under Trog
  1207 | D:2      | Reached XP level 4. HP: 20/29 MP: 4/4
  1405 | D:2      | Reached skill level 4 in Fighting
  1427 | D:2      | Reached XP level 5. HP: 12/33 MP: 5/5
  1810 | D:2      | Reached *** piety under Trog
  1897 | D:3      | Noticed an ogre
  1903 | D:3      | Mangled by an ogre

Levels and vault maps discovered:
D:1:      shiori_arrival_whats_in_store_for_you, layout_basic,
          minmay_tetromino_o4
D:2:      layout_loops_ring, serial_glass, glass_columns_b, glass_columns_a,
          first_ration
D:3:      layout_loops_ring, nrook_campfire, minmay_fractal_squares_gapless_5

Skill      XL: |  1  2  3  4 |
---------------+-------------+-----
Axes           | 3 |  3.7
Dodging        | 2 |  2.7
Armour         | 3 |  3.7
Fighting       | 4 |  4.4

Action                   |  1- 3 |  4- 6 || total
-------------------------+-------+-------++-------
Melee: Hand axe          |    97 |    70 ||   167
       War axe           |       |    48 ||    48
Invok: Berserk           |     1 |     2 ||     3
       Trog's Hand       |       |     1 ||     1
  Eat: Chunk             |     1 |     5 ||     6
Armor: Animal skin       |     9 |       ||     9
       Chain mail        |    46 |    68 ||   114
Dodge: Dodged            |    63 |    58 ||   121
